 Dungeon Sprint DCSS version 0.22-a0-135-g6f012ad (webtiles) character file.

280 Faca the Quickloader (level 6, -21/53 HPs)
             Began as a Gnoll Hunter on Jan 31, 2018.
             Was a Follower of Okawaru.
             Killed from afar by a deep elf mage (33 damage)
             ... with a shard of ice
             ... in the Dungeon (Sprint V: "Ziggurat Sprint").
             The game lasted 00:02:28 (363 turns).

Faca the Quickloader (Gnoll Hunter)                  Turns: 363, Time: 00:02:28

Health: -21/53     AC:  3    Str: 28    XL:     6   Next: 27%
Magic:  12/12      EV: 16    Int: 13    God:    Okawaru [*.....]
Gold:   0          SH:  0    Dex: 16    Spells: 14/14 levels left

rFire    . . .     SeeInvis .   J - +2 hand crossbow (flame)
rCold    . . .     Gourm    .   m - +3 buckler
rNeg     . . .     Faith    .   c - +0 leather armour
rPois    .         Spirit   .   (no helmet)
rElec    .         Reflect  .   (no cloak)
rCorr    .         Harm     .   (no gloves)
MR       .....     NoTele   +   (no boots)
Stlth    +.........             (no amulet)
HPRegen  0.17/turn              F - +6 ring of strength
MPRegen  0.13/turn              G - +6 ring of strength

@: confused
A: distributed training, fangs 1, strong nose
a: Heroism, Renounce Religion


You were in the Dungeon.
You worshipped Okawaru.
Okawaru was aware of your devotion.
You were not hungry.

You visited 1 branch

Inventory:

Hand Weapons
 b - a +0 short sword
 I - the +9 heavy crossbow "Sniper" {velocity, Acc+∞ SInv}
   (You found it in the Dungeon)

   Any bolt fired from it inflicts extra damage.
   It lets you see invisible.
 J - a +2 hand crossbow of flaming (weapon)
Missiles
 d - 1007 bolts (quivered)
Armour
 c - a +0 leather armour (worn)
 l - +5 shadow dragon scales
 m - a +3 buckler (worn)
Jewellery
 B - a +6 ring of dexterity
 C - a +6 ring of dexterity
 D - a +6 ring of intelligence
 E - a +6 ring of intelligence
 F - a +6 ring of strength (left hand)
 G - a +6 ring of strength (right hand)
 H - an uncursed ring of flight
Wands
 q - a wand of disintegration (7)
 z - a wand of iceblast (7)
 A - a wand of acid (7)
Scrolls
 k - 4 scrolls of blinking
 t - 4 scrolls of amnesia
 u - 7 scrolls of fog
 v - a scroll of holy word
 w - 5 scrolls of identify
 x - 5 scrolls of remove curse
 y - 2 scrolls of fear
Potions
 e - 9 potions of curing
 g - 10 potions of heal wounds
 h - 6 potions of haste
 i - 7 potions of magic
 j - 3 potions of berserk rage
 n - 2 potions of brilliance
 o - 2 potions of invisibility
 p - 4 potions of resistance
 r - 5 potions of agility
 s - 5 potions of might
Comestibles
 f - 7 rations


   Skills:
 + Level 6.5 Fighting
 + Level 4.5 Short Blades
 + Level 4.5 Long Blades
 + Level 4.5 Axes
 + Level 4.5 Maces & Flails
 + Level 4.5 Polearms
 + Level 4.5 Staves
 + Level 4.5 Slings
 + Level 4.5 Bows
 + Level 9.7 Crossbows
 + Level 4.5 Throwing
 + Level 4.5 Armour
 + Level 6.5 Dodging
 + Level 5.2 Stealth
 + Level 4.5 Shields
 + Level 4.5 Unarmed Combat
 + Level 4.5 Spellcasting
 + Level 3.7 Conjurations
 + Level 3.7 Hexes
 + Level 3.7 Charms
 + Level 3.7 Summonings
 + Level 3.7 Necromancy
 + Level 3.7 Translocations
 + Level 3.7 Transmutations
 + Level 3.7 Fire Magic
 + Level 3.7 Ice Magic
 + Level 3.7 Air Magic
 + Level 3.7 Earth Magic
 + Level 3.7 Poison Magic
 + Level 5.0 Invocations
 + Level 4.5 Evocations


You had 14 spell levels left.
You didn't know any spells.

Dungeon Overview and Level Annotations

Branches:
Dungeon (1/1)

Altars:
Ashenzari
Cheibriados
Dithmenos
Elyvilon
Fedhas
Gozag
Hepliaklqana
Kikubaaqudgha
Makhleb
Nemelex Xobeh
Okawaru
Qazlal
Ru
Sif Muna
Trog
Uskayaw
Vehumet
Wu Jian
Xom
Yredelemnul
Zin
The Shining One
Beogh
Jiyva
Lugonu

Annotations:
D 1 transporter


Innate Abilities, Weirdness & Mutations

Your experience applies equally to all skills.
You have very sharp teeth.
Your uncanny sense of smell can sniff out nearby items.


Message History

The deep elf archer unwields an uncursed longbow.
The deep elf archer wields an uncursed short sword.
The deep elf archer closely misses you.
The deep elf mage hits you with a long sword.
* * * LOW HITPOINT WARNING * * *
Firing (i - inventory)
d - 1009 bolts (quivered)
Press: ? - help, Shift-Dir - straight line, f/p - deep elf mage
Aim: a deep elf mage, wielding a long sword (heavily wounded)
You shoot a bolt.
The bolt completely misses the deep elf mage.
The bolt hits the earth elemental but does no damage.
The deep elf archer closely misses you.
Firing (i - inventory)
d - 1008 bolts (quivered)
Press: ? - help, Shift-Dir - straight line, f/p - deep elf mage
Aim: a deep elf mage, wielding a long sword (heavily wounded)
You shoot a bolt. The bolt is repelled.
The deep elf archer barely misses you.
The deep elf mage points at you and mumbles some strange words.
The shard of ice hits you!
Ouch! That really hurt!
You die...

▓▓▓▓▓▓▓▓▓▓▓▓▓▓▓▓▓▓▓
▓.8©8.▓.8©8.▓.8©8.▓
∆
▓(}:[.▓.==[.▓.....▓
∆
▓..(..▓.....▓.).:.▓
▓.....▓.....▓.....▓
▓..E.(▓.....▓.....▓
▓.eee.▓.....▓..©..▓
▓..@..▓..©..▓▓▓▓▓▓▓
▓▓▓▓▓▓▓▓▓▓▓▓▓ ∆∆∆
∆∆∆ ∆ ∆ ∆ ∆


You could see 2 deep elf archers, an earth elemental and a deep elf mage.

Vanquished Creatures
  A golden eye (D)
  A porcupine (D)
  A jelly (D)
  A river rat (D)
  A jackal (D)
5 creatures vanquished.

Notes
Turn   | Place    | Note
-------+----------+-------------------------------------------
     0 | D        | Found the +6 Majin-Bo {vamp, Archmagi MP+6 Int+6}
     0 | D        | Found the +7 great mace "Firestarter" {inner flame, rF++}
     0 | D        | Faca the Gnoll Hunter began the quest for the Orb.
     0 | D        | Reached XP level 1. HP: 20/20 MP: 1/1
     3 | D        | Found a blossoming altar of Fedhas.
     7 | D        | Found a deep blue altar of Sif Muna.
     7 | D        | Found a sacrificial altar of Ru.
     7 | D        | Found a bloodstained altar of Trog.
     7 | D        | Found a stormy altar of Qazlal.
     7 | D        | Found an iron altar of Okawaru.
     7 | D        | Found a sparkling altar of Nemelex Xobeh.
     9 | D        | Found a transporter.
     9 | D        | Found an ancient bone altar of Kikubaaqudgha.
     9 | D        | Found a viscous altar of Jiyva.
     9 | D        | Found a corrupted altar of Lugonu.
     9 | D        | Found a hazy altar of Hepliaklqana.
     9 | D        | Found a burning altar of Makhleb.
     9 | D        | Found an opulent altar of Gozag.
    25 | D        | Reached skill level 5 in Fighting
    25 | D        | Reached skill level 5 in Dodging
    25 | D        | Reached skill level 1 in Conjurations
    25 | D        | Reached skill level 1 in Hexes
    25 | D        | Reached skill level 1 in Charms
    25 | D        | Reached skill level 1 in Summonings
    25 | D        | Reached skill level 1 in Necromancy
    25 | D        | Reached skill level 1 in Translocations
    25 | D        | Reached skill level 1 in Transmutations
    25 | D        | Reached skill level 1 in Fire Magic
    25 | D        | Reached skill level 1 in Ice Magic
    25 | D        | Reached skill level 1 in Air Magic
    25 | D        | Reached skill level 1 in Earth Magic
    25 | D        | Reached skill level 1 in Poison Magic
    25 | D        | Reached XP level 2. HP: 27/27 MP: 1/5
    40 | D        | Found the +6 shillelagh "Devastator" {shatter}
    40 | D        | Found the +11 plutonium sword {*Contam Stlth-}
    40 | D        | Found the +8 lance "Wyrmbane" {slay drac, rPois rF+ rC+ AC+3}
    40 | D        | Found the +9 sword of Zonguldrok {reap}
    40 | D        | Found the cursed +13 scythe of Curses {drain, *Curse}
    40 | D        | Found the +0 sword of Power
    40 | D        | Found the +7 mace of Variability {chaos}
    40 | D        | Found the +7 Singing Sword
    40 | D        | Found the +7 longbow "Piercer" {penet, EV-2}
    41 | D        | Found the +9 heavy crossbow "Sniper" {velocity, Acc+∞ SInv}
    41 | D        | Found the +10 dark maul {crush}
    41 | D        | Found the +15 Maxwell's patent armour {-Cast -Tele rElec MR+ rCorr}
    41 | D        | Found the +18 shield of the Gong {rElec rN+ MR+ EV-5}
    41 | D        | Found the cursed +14 obsidian axe {chop, +Fly SInv *Curse}
    77 | D        | Became a worshipper of Warmaster Okawaru
    86 | D        | Entered arena 2.
    86 | D        | Noticed a golden eye
    86 | D        | Found a transporter.
    98 | D        | Killed a golden eye
    98 | D        | Reached skill level 9 in Crossbows
    98 | D        | Reached XP level 3. HP: 21/34 MP: 6/8
    98 | D        | Reached XP level 4. HP: 25/40 MP: 6/9
    98 | D        | Reached XP level 5. HP: 29/46 MP: 6/10
   331 | D        | Entered arena 3.
   331 | D        | Noticed a porcupine
   331 | D        | Found a transporter.
   332 | D        | Killed a porcupine
   332 | D        | Reached * piety under Okawaru
   332 | D        | Reached skill level 5 in Stealth
   332 | D        | Reached XP level 6. HP: 53/53 MP: 10/12
   336 | D        | Reached skill level 5 in Invocations
   355 | D        | Entered arena 4.
   355 | D        | Noticed a deep elf archer
   355 | D        | Noticed a deep elf archer
   355 | D        | Noticed a deep elf mage
   355 | D        | Found a transporter.
   363 | D        | Killed from afar by a deep elf mage

Vault maps used:
D:        sprint_v

Skill      XL: |  1  2  3  4  5  6 |
---------------+-------------------+-----
Fighting       | 5 6 |  6.5
Short Blades   | 2 3 4 |  4.5
Long Blades    | 2 3 4 |  4.5
Axes           | 2 3 4 |  4.5
Maces & Flails | 2 3 4 |  4.5
Polearms       | 2 3 4 |  4.5
Staves         | 2 3 4 |  4.5
Slings         | 2 3 4 |  4.5
Bows           | 2 3 4 |  4.5
Throwing       | 2 3 4 |  4.5
Armour         | 2 3 4 |  4.5
Dodging        | 5 6 |  6.5
Stealth        | 3 4 5 |  5.2
Shields        | 2 3 4 |  4.5
Unarmed Combat | 2 3 4 |  4.5
Spellcasting   | 2 3 4 |  4.5
Conjurations   | 1 3 |  3.7
Hexes          | 1 3 |  3.7
Charms         | 1 3 |  3.7
Summonings     | 1 3 |  3.7
Necromancy     | 1 3 |  3.7
Translocations | 1 3 |  3.7
Transmutations | 1 3 |  3.7
Fire Magic     | 1 3 |  3.7
Ice Magic      | 1 3 |  3.7
Air Magic      | 1 3 |  3.7
Earth Magic    | 1 3 |  3.7
Poison Magic   | 1 3 |  3.7
Invocations    | 2 4 5 |  5.0
Evocations     | 2 3 4 |  4.5
Crossbows      | 9 |  9.7

Action                   |  1- 3 |  4- 6 || total
-------------------------+-------+-------++-------
 Fire: Hand crossbow     |    11 |    18 ||    29
  Use: Potion            |     2 |       ||     2
Armor: Leather armour    |     1 |       ||     1
Dodge: Dodged            |     4 |     7 ||    11
Block: Buckler           |     1 |     3 ||     4

Table legend:
 A = Spawn XP
 B = Non-spawn XP
 C = Spawn XP percentage of total XP
 D = Spawn monster count
 E = Non-spawn monster count
 F = Spawn count percentage of total count
 G = Total turns spent on level
                    A         B        C        D         E        F      G
               +---------+---------+-------+---------+---------+-------+---------
         Total |       0 |     391 |   0.0 |       0 |       5 |   0.0 |   363
               +---------+---------+-------+---------+---------+-------+---------
             D |       0 |     391 |   0.0 |       0 |       5 |   0.0 |   363
               +---------+---------+-------+---------+---------+-------+---------
